 Dungeon Crawl Stone Soup version 0.26-a0-663-g36e8fdb655 (webtiles) character file.

Game seed: 10517766770471754498

148201 Peloso the Peltast (level 16, -1/147 HPs)
             Began as a Minotaur Fighter on Oct 10, 2020.
             Was the Champion of Okawaru.
             Slain by a spark wasp (16 damage)
             ... on level 1 of the Spider Nest.
             The game lasted 01:30:46 (38665 turns).

Peloso the Peltast (Minotaur Fighter)              Turns: 38665, Time: 01:30:47

Health: -1/147     AC: 20    Str: 31    XL:     16   Next: 93%
Magic:  16/16      EV:  7    Int:  5    God:    Okawaru [******]
Gold:   3000       SH:  0    Dex: 19    Spells: 15/15 levels left

rFire    . . .     SeeInvis .   b - +5 falchion of Plague {venom, +Inv rN+ Str+3 Dex+4}
rCold    + . .     Faith    +   c - +2 tower shield
rNeg     + . .     Spirit   .   L - +0 plate armour {rPois}
rPois    +         Reflect  .   (helmet restricted)
rElec    .         Harm     .   B - +0 cloak of Gravitas {MR+ Str+2 Stlth+}
rCorr    .         Rampage  .   e - +2 pair of gloves {Dex+3}
MR       ++...                  Y - +1 pair of boots "Macolum" {Slay+2}
Stlth    ..........             P - amulet of faith
HPRegen  0.34/turn              M - ring of protection from cold
MPRegen  0.15/turn              t - ring of flight

@: lethally poisoned (-1 -> -19), corroded, held
A: retaliatory headbutt, horns 2
a: Heroism, Finesse, Renounce Religion, Evoke Invisibility, Evoke Flight


You were on level 1 of the Spider Nest.
You worshipped Okawaru.
Okawaru was exalted by your worship.
You visited 6 branches of the dungeon, and saw 27 of its levels.
You also visited: Ice Cave and Volcano.

You collected 3224 gold pieces.
You spent 224 gold pieces at shops.

Inventory:

Hand Weapons
 a - a +1 demon blade of electrocution
 b - the +5 falchion of Plague (weapon) {venom, +Inv rN+ Str+3 Dex+4}
   (Okawaru gifted it to you in a volcano)

   It poisons the flesh of those it strikes.
   It affects your strength (+3).
   It affects your dexterity (+4).
   It protects you from negative energy.
   It lets you turn invisible.
 d - the +8 hand crossbow "Ohatopra" {vorpal, Int+4}
   (You found it on level 5 of the Lair of Beasts)

   Any bolt fired from it inflicts extra damage.
   It affects your intelligence (+4).
 f - a +2 scimitar of flaming
 r - the +2 falchion of Woecra {vorpal, Dex+3 Stlth+}
   (Okawaru gifted it to you on level 1 of the Shoals)

   It inflicts extra damage upon your enemies.
   It affects your dexterity (+3).
   It makes you more stealthy.
Missiles
 I - 142 bolts
Armour
 c - a +2 tower shield (worn)
 e - a +2 pair of gloves of dexterity (worn)
 p - a scarf of resistance
 B - the +0 cloak of Gravitas (worn) {MR+ Str+2 Stlth+}
   (You found it on level 7 of the Dungeon)

   It affects your strength (+2).
   It affects your resistance to hostile enchantments.
   It makes you more stealthy.
 F - a +2 cloak of preservation
 L - a +0 plate armour of poison resistance (worn)
 Y - the +1 pair of boots "Macolum" (worn) {Slay+2}
   (Okawaru gifted it to you on level 13 of the Dungeon)

   It affects your accuracy and damage with ranged weapons and melee attacks
   (+2).
Jewellery
 j - a +6 ring of strength {unknown}
 t - a ring of flight (right hand)
 z - a +4 ring of protection {unknown}
 K - a cursed amulet of inaccuracy {unknown}
 M - a ring of protection from cold (left hand)
 N - an uncursed ring of resist corrosion
 P - an amulet of faith (around neck)
 T - an uncursed amulet of regeneration
 Z - a cursed amulet of inaccuracy {unknown}
Wands
 s - a wand of polymorph (13)
 w - a wand of flame (19)
 J - a wand of paralysis (28)
Scrolls
 g - 2 scrolls of identify
 h - 7 scrolls of remove curse
 i - 12 scrolls of teleportation
 k - a scroll of fear
 l - a scroll of blinking
 o - 4 scrolls of immolation
 u - 2 scrolls of enchant weapon
 x - a scroll of silence
 y - a scroll of noise {unknown}
 A - a scroll of summoning {unknown}
 C - a scroll of magic mapping
 E - a scroll of enchant armour
 W - a scroll of acquirement {unknown}
Potions
 m - 6 potions of stabbing
 n - a potion of invisibility {unknown}
 q - 2 potions of flight {unknown}
 v - 9 potions of curing
 D - a potion of cancellation
 H - 4 potions of haste
 O - 4 potions of mutation
 S - 5 potions of might
 X - a potion of resistance {unknown}


   Skills:
 + Level 14.3 Fighting
 + Level 14.8 Long Blades
   Level 14.0 Maces & Flails
 + Level 15.0 Armour
 + Level 7.7 Dodging
 + Level 3.1 Stealth
 + Level 19.5 Shields
 + Level 1.9 Invocations
 + Level 1.1 Evocations


You had 15 spell levels left.
You didn't know any spells.
Your spell library contained the following spells:

 Spells                   Type           Power        Failure   Level
 Beastly Appendage        Tmut           #.....       99%         1
 Shock                    Conj/Air       #...         99%         1
 Sting                    Tmut/Pois      #...         99%         1
 Summon Small Mammal      Summ           #...         99%         1
 Call Imp                 Summ           #.......     100%        2
 Poisonous Vapours        Pois/Air       #.....       100%        2
 Swiftness                Air            #.......     100%        2
 Wereblood                Tmut           #.......     100%        2
 Call Canine Familiar     Summ           #.......     100%        3
 Ignite Poison            Fire/Tmut/Pois #.......     100%        3
 Mephitic Cloud           Conj/Pois/Air  #.......     100%        3
 Spider Form              Tmut/Pois      #.........   100%        3
 Static Discharge         Conj/Air       #.......     100%        3
 Summon Guardian Golem    Hex/Summ       #.......     100%        3
 Airstrike                Air            #.........   100%        4
 Cause Fear               Hex            #.........   100%        4
 Ice Form                 Ice/Tmut       #.......     100%        4
 Olgreb's Toxic Radiance  Pois           #.......     100%        4
 Summon Ice Beast         Ice/Summ       #.......     100%        4
 Summon Lightning Spire   Summ/Air       #.......     100%        4
 Blade Hands              Tmut           #.........   100%        5
 Lightning Bolt           Conj/Air       #.........   100%        5
 Metabolic Englaciation   Hex/Ice        #.........   100%        5
 Silence                  Hex/Air        #.........   100%        5
 Yara's Violent Unravell  Hex/Tmut       #.........   100%        5
 Freezing Cloud           Conj/Ice/Air   #.........   100%        6
 Ozocubu's Refrigeration  Ice            #.........   100%        6
 Simulacrum               Ice/Necr       #.........   100%        6
 Discord                  Hex            #.........   100%        8


Dungeon Overview and Level Annotations

Branches:
Dungeon (15/15)            Temple (1/1) D:4            Lair (6/6) D:8
 Shoals (2/4) Lair:3       Spider (1/4) Lair:3        Slime (0/5) Lair:5
    Orc (2/2) D:12            Elf (0/3) Orc:2        Vaults (0/5) D:14
 Depths (0/5) D:15          IceCv (visited)         Volcano (visited)

Altars:
Ashenzari
Dithmenos
Elyvilon
Fedhas
Nemelex Xobeh
Okawaru
Qazlal
Ru
Sif Muna
Trog
Wu Jian
Xom
Yredelemnul
The Shining One
Beogh
Jiyva
Lugonu

Shops:
D:12 (   Orc:2 =!*=

Annotations:
D:13 Casa
Lair:5 1 runed translucent door


Innate Abilities, Weirdness & Mutations

You reflexively headbutt those who attack you in melee.
You have a pair of horns on your head.


Message History

* * * LOW HITPOINT WARNING * * *
You are caught in a web!
The jumping spider bites you but does no damage.
The redback bites you.
* * * LOW HITPOINT WARNING * * *
The jumping spider leaps!
You struggle to detach yourself from the web.
You feel sick. The spark wasp stings you.
* * * LOW HITPOINT WARNING * * *
The spark wasp shocks you!
* * * LOW HITPOINT WARNING * * *
The wolf spider hits you but does no damage.
The wolf spider bites you but does no damage.
The redback bites you but does no damage.
The jumping spider completely misses you.
The jumping spider bites you but does no damage.
The spark wasp stings you.
* * * LOW HITPOINT WARNING * * *
The spark wasp shocks you!
You die...

#.. ..# . .. #..# ..
#.....###...#s.#
....##.#s.....^
###...#..ssB.....
####...###..sss.^...
###.#........s@y#
#............ss##
#...#....^...#...#
#...#........###....#
#..##...###.## ..###
...# ###...### #.#
... #.<...# ## ..
##..### #. ##.#


You could see an entropy weaver, a spark wasp (extremely poisoned), a wolf
spider, 2 jumping spiders, 3 tarantellas and 4 redbacks.

Vanquished Creatures
  Frances (Shoals:1)
  Kirke (Shoals:2)
  3 dire elephants
  Josephine (D:11)
  A fire dragon (Lair:6)
  5 hydras
  A merfolk impaler (Shoals:2)
  4 ogre magi
  Erolcha (D:9)
  Harold (D:9)
  A yaktaur captain (D:15)
  A catoblepas (Lair:6)
  A death knight (D:12)
  An alligator snapping turtle (Shoals:2)
  3 centaur warriors
  20 two-headed ogres
  12 death yaks (Lair:6)
  Urug (Lair:2)
  22 skeletal warriors
  2 deep trolls (Orc:2)
  9 harpies
  2 lindwurms (Lair:6)
  3 unseen horrors
  A sea snake (Shoals:1)
  A necromancer (IceCv)
  An orc sorcerer (Volcano)
  2 orc knights
  2 deep elf magi (D:14)
  A phantasmal warrior (D:12)
  A wolf spider (Spider:1)
  6 ugly things
  3 manticores
  4 oklob plants
  8 cyclopes
  8 fauns (Shoals:1)
  21 elephants
  2 molten gargoyles (Volcano)
  A water nymph (Shoals:1)
  A merfolk siren (Shoals:1)
  Joseph (D:7)
  6 black mambas
  8 cane toads
  An ice statue (IceCv)
  A gargoyle (D:14)
  A smoke demon (Volcano)
  7 torpor snails (Lair:6)
  5 rime drakes
  An efreet (D:14)
  12 freezing wraiths
  8 komodo dragons
  9 meliai
  A troll (shapeshifter) (D:12)
  3 red devils (Volcano)
  A tengu conjurer (D:14)
  8 merfolk
  2 polar bears
  11 trolls
  Grinder (D:3)
  4 tyrant leeches (Lair:6)
  4 slime creatures (D:13)
  9 hornets
  21 blink frogs
  9 dream sheep (Lair:6)
  6 snapping turtles
  5 redbacks
  2 meliai zombies (D:13)
  6 wraiths
  60 yaks
  5 wyverns
  A shadow (D:12)
  4 basilisks
  A vampire (D:10)
  6 hogs (Shoals:2)
  2 fire bats (Volcano)
  A death yak simulacrum (IceCv)
  3 vampire mosquitoes (D:12)
  Menkaure (D:4)
  18 water moccasins
  A soldier ant (shapeshifter) (D:13)
  11 ice beasts
  A hornet zombie (D:13)
  22 orc warriors
  A black bear (Lair:3)
  3 necrophages
  An eye of draining (D:14)
  3 sky beasts
  39 ogres
  22 wolves
  18 centaurs
  2 big kobolds
  23 bullfrogs
  A wyvern zombie (D:10)
  A wyvern skeleton (D:14)
  4 scorpions
  12 wights
  A swamp dragon simulacrum (IceCv)
  An electric eel (Lair:3)
  A howler monkey (D:14)
  2 centaur zombies
  7 lava snakes (Volcano)
  11 hounds
  A quasit (D:9)
  A draconian simulacrum (IceCv)
  5 jellies
  A bullfrog zombie (D:9)
  A gnoll shaman (D:5)
  18 orc priests
  Crazy Yiuf (D:2)
  7 centaur skeletons
  22 orc wizards
  3 iguanas
  12 worker ants
  6 hell rats
  2 spriggan simulacra (IceCv)
  5 troll simulacra (IceCv)
  A polar bear simulacrum (IceCv)
  A wolf simulacrum (IceCv)
  4 centaur simulacra (IceCv)
  4 hound skeletons
  A howler monkey zombie (D:5)
  5 gnolls (D:5)
  5 naga simulacra (IceCv)
  11 adders
  3 ogre simulacra (IceCv)
  7 river rats (Lair:3)
  29 white imps
  2 ufetubi
  An adder skeleton (D:6)
  2 worms (D:2)
  2 dart slugs
  7 leopard geckos
  106 orcs
  8 bats
  3 giant cockroaches
  10 goblins
  4 hobgoblins
  8 jackals
  14 kobolds
  9 quokkas
  3 ball pythons
  5 frilled lizards
  2 jackal skeletons
  A leopard gecko skeleton (D:8)
  10 rats
956 creatures vanquished.

Vanquished Creatures (others)
  An ogre mage (D:14)
  A human (Shoals:2)
  An orc warrior (D:14)
  19 fungi
  53 plants
  A withered plant (D:15)
76 creatures vanquished.

Grand Total: 1032 creatures vanquished

Notes
Turn   | Place    | Note
-------+----------+-------------------------------------------
     0 | D:1      | Peloso the Minotaur Fighter began the quest for the Orb.
     0 | D:1      | Reached XP level 1. HP: 19/19 MP: 0/0
   167 | D:1      | Reached XP level 2. HP: 27/27 MP: 1/1
   297 | D:1      | Reached skill level 4 in Shields
   409 | D:1      | Reached XP level 3. HP: 34/34 MP: 2/2
   631 | D:2      | You fall into a shaft and drop 2 floors!
   667 | D:4      | Found a broken altar of Ashenzari.
   686 | D:4      | Found a staircase to the Ecumenical Temple.
   697 | Temple   | Entered the Ecumenical Temple
   720 | Temple   | Became a worshipper of Warmaster Okawaru
   756 | D:4      | Reached XP level 4. HP: 26/41 MP: 3/3
  1029 | D:4      | Noticed Menkaure
  1042 | D:4      | Killed Menkaure
  1042 | D:4      | Reached * piety under Okawaru
  1042 | D:4      | Reached skill level 1 in Dodging
  1042 | D:4      | Reached skill level 5 in Shields
  1042 | D:4      | Reached XP level 5. HP: 45/47 MP: 4/4
  1136 | D:4      | Reached XP level 6. HP: 53/53 MP: 5/5
  1513 | D:4      | Found a blossoming altar of Fedhas.
  1812 | D:3      | Noticed Grinder
  1825 | D:3      | Paralysed by Grinder for 6 turns
  1836 | D:3      | Killed Grinder
  1836 | D:3      | Reached ** piety under Okawaru
  1836 | D:3      | Reached skill level 5 in Long Blades
  1836 | D:3      | Reached skill level 5 in Armour
  1836 | D:3      | Reached skill level 6 in Shields
  1836 | D:3      | Reached XP level 7. HP: 27/60 MP: 2/6
  2687 | D:2      | Found a runed translucent door.
  2688 | D:2      | Noticed Crazy Yiuf
  2838 | D:2      | Killed Crazy Yiuf
  2838 | D:2      | Reached skill level 5 in Fighting
  2919 | D:5      | Entered Level 5 of the Dungeon
  3434 | D:5      | Identified the +6 mace of Dullness {vorpal, Str+4}
  3766 | D:5      | Reached XP level 8. HP: 68/68 MP: 7/7
  3797 | D:5      | Reached skill level 1 in Maces & Flails
  4532 | D:6      | Reached skill level 7 in Shields
  4712 | D:6      | Reached *** piety under Okawaru
  4896 | D:6      | Found a bloodstained altar of Trog.
  5333 | D:7      | Reached XP level 9. HP: 70/75 MP: 8/8
  5335 | D:7      | Got a bloodstained cloak
  5346 | D:7      | Identified the +0 cloak of Gravitas {MR+ Str+2 Stlth+} (You
                  | found it on level 7 of the Dungeon)
  5472 | D:7      | Reached skill level 5 in Maces & Flails
  5880 | D:7      | Found a shimmering blue altar of Sif Muna.
  5882 | D:7      | Noticed Joseph
  5896 | D:7      | Killed Joseph
  5896 | D:7      | Reached **** piety under Okawaru
  6036 | D:7      | Reached skill level 8 in Shields
  6724 | D:8      | Found a staircase to the Lair.
  7176 | D:8      | Noticed a two-headed ogre
  7183 | D:8      | Killed a two-headed ogre
  7183 | D:8      | Reached ***** piety under Okawaru
  7183 | D:8      | Reached XP level 10. HP: 53/86 MP: 9/9
  7775 | D:9      | Noticed Erolcha
  7784 | D:9      | Killed Erolcha
  7784 | D:9      | Received a gift from Okawaru
  7784 | D:9      | Reached skill level 9 in Shields
  7786 | D:9      | Noticed Harold
  7806 | D:9      | Killed Harold
  7806 | D:9      | Received a gift from Okawaru
  8078 | D:9      | Found an ornate altar of the Wu Jian Council.
  8321 | D:9      | Reached skill level 10 in Maces & Flails
  8702 | D:9      | Found a sacrificial altar of Ru.
  8737 | D:10     | Entered Level 10 of the Dungeon
  8803 | D:10     | Reached skill level 1 in Stealth
  9621 | D:11     | Noticed a cyclops
  9637 | D:11     | Killed a cyclops
  9637 | D:11     | Reached skill level 10 in Shields
  9637 | D:11     | Reached XP level 11. HP: 80/95 MP: 10/10
  9688 | D:11     | Found a frozen archway.
  9729 | IceCv    | Entered an ice cave
 10378 | IceCv    | Found an ancient bone altar of Kikubaaqudgha.
 10658 | IceCv    | Noticed a necromancer
 10667 | IceCv    | Killed a necromancer
 10667 | IceCv    | Received a gift from Okawaru
 10667 | IceCv    | Reached skill level 10 in Armour
 10667 | IceCv    | Reached skill level 11 in Shields
 10852 | IceCv    | Reached skill level 1 in Invocations
 11178 | D:11     | Noticed a two-headed ogre
 11188 | D:11     | Killed a two-headed ogre
 11188 | D:11     | Received a gift from Okawaru
 11249 | D:11     | Noticed Josephine
 11270 | D:11     | Killed Josephine
 11600 | D:11     | Noticed a centaur warrior
 11613 | D:11     | Killed a centaur warrior
 11613 | D:11     | Reached XP level 12. HP: 82/105 MP: 11/11
 12269 | D:11     | Reached skill level 12 in Shields
 12922 | D:12     | Noticed a death knight
 12963 | D:12     | Killed a death knight
 12963 | D:12     | Reached ****** piety under Okawaru
 12963 | D:12     | Reached skill level 5 in Dodging
 13497 | D:12     | Found Josoar's Antique Weapon Boutique.
 13543 | D:12     | Received a gift from Okawaru
 13591 | D:12     | Noticed a two-headed ogre
 13599 | D:12     | Killed a two-headed ogre
 13599 | D:12     | Reached skill level 10 in Fighting
 13599 | D:12     | Reached skill level 13 in Shields
 13849 | D:12     | Found a staircase to the Orcish Mines.
 14262 | D:12     | Received a gift from Okawaru
 14495 | D:12     | Found a roughly hewn altar of Beogh.
 14929 | Lair:1   | Entered Level 1 of the Lair of Beasts
 15098 | Lair:1   | Reached XP level 13. HP: 114/114 MP: 12/12
 16036 | Lair:2   | Noticed Urug
 16050 | Lair:2   | Killed Urug
 16050 | Lair:2   | Reached skill level 14 in Shields
 16069 | Lair:2   | Found a dark tunnel.
 16074 | Volcano  | Entered a volcano
 16702 | Volcano  | Found a bloodstained altar of Trog.
 16717 | Volcano  | Received a gift from Okawaru
 16745 | Volcano  | Got a smouldering falchion {god gift}
 16746 | Volcano  | Identified the +5 falchion of Plague {venom, +Inv rN+ Str+3
                  | Dex+4} (Okawaru gifted it to you in a volcano)
 18296 | Lair:2   | Received a gift from Okawaru
 19024 | Lair:3   | Found a staircase to the Shoals.
 19273 | Lair:3   | Found a hole to the Spider Nest.
 19986 | Lair:3   | Reached skill level 15 in Shields
 20766 | Orc:1    | Entered Level 1 of the Orcish Mines
 20870 | Orc:2    | Entered Level 2 of the Orcish Mines
 21181 | Orc:2    | Found a staircase to the Elven Halls.
 21306 | Orc:2    | Found a roughly hewn altar of Beogh.
 21379 | Orc:2    | Reached XP level 14. HP: 70/124 MP: 14/14
 21671 | Orc:2    | Received a gift from Okawaru
 21716 | Orc:2    | Reached skill level 10 in Long Blades
 22090 | Orc:2    | Found Yceniloj's Distillery.
 22720 | Orc:2    | Found Lehips's Jewellery Shoppe.
 22874 | Orc:2    | Found Fokhleypu's General Store.
 22882 | Orc:2    | Bought a potion of cancellation for 112 gold pieces
 22884 | Orc:2    | Found Poowkeaf's Jewellery Shoppe.
 22888 | Orc:2    | Bought a scroll of enchant weapon for 112 gold pieces
 23483 | D:13     | Received a gift from Okawaru
 24072 | D:13     | Got a pair of distressingly furry boots {god gift}
 24078 | D:13     | Identified the +1 pair of boots "Macolum" {Slay+2} (Okawaru
                  | gifted it to you on level 13 of the Dungeon)
 24256 | D:13     | Reached skill level 16 in Shields
 25626 | Orc:2    | Reached skill level 1 in Evocations
 26248 | Orc:1    | Found a runed translucent door.
 26488 | Orc:1    | Found a roughly hewn altar of Beogh.
 26501 | Orc:1    | Got a jewelled spear
 26699 | D:14     | Received a gift from Okawaru
 26730 | D:14     | Identified the +0 spear of Shrieking Terror {vorpal,
                  | *Corrode rN++ Int+4} (You found it on level 1 of the Orcish
                  | Mines)
 27007 | D:14     | Reached XP level 15. HP: 114/134 MP: 15/15
 27413 | D:14     | Found a gate to the Vaults.
 27603 | D:14     | Received a gift from Okawaru
 27946 | D:14     | Paralysed by a hornet for 2 turns
 28051 | D:14     | Received a gift from Okawaru
 28636 | D:15     | Entered Level 15 of the Dungeon
 28769 | D:15     | Reached skill level 17 in Shields
 29190 | D:15     | Paralysed by an ogre mage for 6 turns
 29198 | D:15     | Received a gift from Okawaru
 29616 | D:15     | Found a corrupted altar of Lugonu.
 29785 | D:15     | Found a basalt altar of Yredelemnul.
 30114 | D:15     | Found a staircase to the Depths.
 31602 | Lair:5   | Received a gift from Okawaru
 31670 | Lair:5   | Got a smoking hand crossbow
 31712 | Lair:5   | Found a shadowy altar of Dithmenos.
 32112 | Lair:5   | Found a runed translucent door.
 32112 | Lair:5   | Found a viscous altar of Jiyva.
 32349 | Lair:5   | Found a staircase to the Slime Pits.
 32349 | Lair:5   | Noticed an azure jelly
 32349 | Lair:5   | Noticed an azure jelly
 32491 | Lair:6   | Entered Level 6 of the Lair of Beasts
 32644 | Lair:6   | Reached XP level 16. HP: 79/144 MP: 16/16
 33179 | Lair:6   | Identified the +8 hand crossbow "Ohatopra" {vorpal, Int+4}
                  | (You found it on level 5 of the Lair of Beasts)
 33219 | Lair:6   | Reached skill level 18 in Shields
 33540 | Lair:6   | Received a gift from Okawaru
 33726 | Lair:6   | Found a runed translucent door.
 34204 | Lair:6   | Received a gift from Okawaru
 36290 | Shoals:1 | Entered Level 1 of the Shoals
 36383 | Shoals:1 | Noticed Frances
 36407 | Shoals:1 | Killed Frances
 36407 | Shoals:1 | Received a gift from Okawaru
 36407 | Shoals:1 | Reached skill level 19 in Shields
 36704 | Shoals:1 | Got a crystal falchion {god gift}
 36705 | Shoals:1 | Identified the +2 falchion of Woecra {vorpal, Dex+3 Stlth+}
                  | (Okawaru gifted it to you on level 1 of the Shoals)
 37625 | Shoals:2 | Noticed Kirke
 37640 | Shoals:2 | Killed Kirke
 37640 | Shoals:2 | Received a gift from Okawaru
 37640 | Shoals:2 | Reached skill level 15 in Armour
 38631 | Spider:1 | Entered Level 1 of the Spider Nest
 38665 | Spider:1 | Slain by a spark wasp

Illustrated notes

Levels and vault maps discovered:
D:1:      mrwooster_arrival_statue_2, layout_basic
D:2:      layout_rooms, serial_bayou_pond_a, uniq_crazy_yiuf_cottage
D:3:      layout_basic, minmay_fractal_squares_gapless_5, uniq_grinder
D:4:      layout_basic, nicolae_overflow_crystal_walls,
          nicolae_ashenzari_panopticon, minmay_temple_entry_glass, uniq_menkaure
D:5:      layout_loops_ring
D:6:      layout_cave_pools, lightli_temple_of_fire
D:7:      layout_basic, old_standard_altar, minmay_quadrilaterals, uniq_joseph
D:8:      layout_basic, dpeg_oklobed_lair
D:9:      layout_cave_pools, nicolae_ru_path_of_blood, marbit_many_paths,
          serial_co_window_serial, co_window_paths_a, co_window_paths_a,
          co_window_paths_a, co_window_corner_a, co_window_corner_a,
          co_window_of_opportunity_a, co_window_of_opportunity_a,
          co_window_corner_cb, co_window_unsneaky_path_e,
          co_window_unsneaky_path_c, co_window_2corner,
          co_window_of_opportunity_b, co_window_corner_b, co_window_paths_e,
          co_window_sun, glass_columns_a, glass_columns_a, glass_columns_a,
          uniq_erolcha, uniq_harold
D:10:     layout_small_grid
D:11:     layout_small_grid, portal_ice_cave_entry_imps, uniq_josephine
D:12:     layout_long_grid, minmay_orc_entry_temple_small, serial_shops, shop
D:13:     layout_irregular_city
D:14:     layout_irregular_city, hangedman_vaults_entry_quadrant_bands,
          kennysheep_big_empty_room
D:15:     grunt_enter_depths_snipers, layout_basic, yredelemnul_altar_generic,
          interstate_on_off, tgw_lugonu_bribe
Temple:   nicolae_temple_elliptical
Lair:1:   layout_roguey, serial_bayou_shore_a, grunt_megastairs_1
Lair:2:   layout_gridlike, enter_volcano_4, uniq_urug
Lair:3:   layout_chaotic_city, minmay_shoals_entry_hut, spider_nest_entry_webs,
          kennysheep_abandoned_house, grunt_megastairs_5
Lair:4:   layout_loops_ring
Lair:5:   beast_lair_carwin_large_3, layout_regular_city, slime_altar_2,
          lemuel_oklob_altar
Lair:6:   wormcave, layout_cave_pods, hangedman_lair_in_review, dpeg_oklob_1,
          serial_bayou_shore_b
Shoals:1: layout_shoals, uniq_frances
Shoals:2: layout_shoals, uniq_kirke
Spider:1: layout_spider_delve, zaba_anthell
Orc:1:    layout_caves, lightli_church_of_beogh
Orc:2:    st_orc_open, layout_diamond_mine, mines1_david

Skill      XL: |  1  2  3  4  5  6  7  8  9 10 11 12 13 14 15 16 |
---------------+-------------------------------------------------+-----
Fighting       | 4 5 6 7 8 9 10 11 12 13 14 | 14.3
Shields        | 4 5 6 7 8 10 11 13 15 16 17 19 | 19.5
Armour         | 4 5 6 8 9 10 11 12 13 14 15 | 15.0
Long Blades    | 3 4 5 7 8 9 12 13 14 | 14.8
Dodging        | 1 2 3 4 5 6 7 |  7.7
Maces & Flails | 4 8 10 12 13 14 | 14.0
Stealth        | 1 2 3 |  3.1
Invocations    | 1 |  1.9
Evocations     | 1 |  1.1

Action                   |  1- 3 |  4- 6 |  7- 9 | 10-12 | 13-15 | 16-18 || total
-------------------------+-------+-------+-------+-------+-------+-------++-------
Melee: Long sword        |    76 |    62 |    76 |       |       |       ||   214
       Headbutt          |    12 |    14 |    61 |   215 |   645 |   347 ||  1294
       Mace              |       |       |   194 |   734 |   139 |       ||  1067
       Falchion          |       |       |       |       |  1377 |   699 ||  2076
       Scimitar          |       |       |       |       |    10 |    11 ||    21
       Demon blade       |       |       |       |       |     1 |       ||     1
Invok: Heroism           |       |     2 |       |     8 |     7 |     2 ||    19
Evoke: Wand              |       |       |     1 |       |     7 |       ||     8
  Use: Scroll            |       |       |    14 |     4 |    13 |     2 ||    33
       Potion            |       |       |     1 |     1 |     6 |       ||     8
 Stab: Petrified         |       |       |       |       |       |     9 ||     9
Armor: Scale mail        |    67 |    20 |   104 |       |       |       ||   191
       Chain mail        |       |       |    10 |   274 |   420 |     2 ||   706
       Plate armour      |       |       |       |       |    14 |   164 ||   178
Dodge: Dodged            |    27 |    15 |   124 |   240 |   604 |   143 ||  1153
Block: Kite shield       |    63 |    28 |   190 |   548 |  1121 |     4 ||  1954
       Tower shield      |       |       |       |       |       |   682 ||   682
       Rpst.: Long sword |     3 |     4 |     9 |       |       |       ||    16
       Falchion          |       |       |       |       |   110 |    29 ||   139
       Scimitar          |       |       |       |       |     1 |     1 ||     2

Table legend: (Time is in decaauts)
 A = Elapsed time spent in this place.
 B = Non-inter-level travel time spent in this place.
 C = Inter-level travel time spent in this place.
 D = Time resting spent in this place.
 E = Time spent auto-exploring this place.
 F = Levels seen in this place.
 G = Mean time per level.
                   A        B        C        D        E       F      G
               +--------+--------+--------+--------+--------+-----+--------+
         Total |  38284 |  35969 |   2315 |   5823 |  21711 |  29 | 1320.1 |
       Dungeon |  20377 |  18919 |   1458 |   2281 |  12365 |  15 | 1358.5 |
        Temple |     35 |     35 |      0 |      0 |      0 |   1 |   35.0 |
          Lair |   9248 |   8624 |    624 |   1461 |   5200 |   6 | 1541.3 |
        Shoals |   2385 |   2280 |    105 |    291 |   1426 |   2 | 1192.5 |
   Spider Nest |     29 |     29 |      0 |      0 |     13 |   1 |   29.0 |
  Orcish Mines |   3253 |   3128 |    125 |   1039 |   1341 |   2 | 1626.5 |
      Ice Cave |   1398 |   1398 |      0 |    407 |    501 |   1 | 1398.0 |
       Volcano |   1556 |   1556 |      0 |    343 |    865 |   1 | 1556.0 |
               +--------+--------+--------+--------+--------+-----+--------+

Top non-repeatable levels by time:
    D:12: 2824 daAuts
  Lair:6: 2736 daAuts
    D:13: 2120 daAuts
   Orc:2: 1968 daAuts
  Lair:3: 1897 daAuts
    D:14: 1839 daAuts
    D:15: 1569 daAuts
 Volcano: 1556 daAuts
    D:10: 1546 daAuts
   IceCv: 1398 daAuts
    D:11: 1368 daAuts
  Lair:1: 1365 daAuts
     D:9: 1363 daAuts
     D:7: 1307 daAuts
   Orc:1: 1284 daAuts
